 Dungeon Crawl Stone Soup version 0.28-a0-794-gafe8c5f9e9 (webtiles) character file.

Game seed: 6557761171748009550

16 cheechan the Skirmisher (level 2, -1/21 HPs)
             Began as an Octopode Fighter on Nov 5, 2021.
             Slain by a goblin (3 damage)
             ... on level 1 of the Dungeon.
             The game lasted 00:01:28 (353 turns).

cheechan the Skirmisher (Octopode Fighter)           Turns: 353, Time: 00:01:28

Health: -1/21      AC:  1    Str: 15    XL:     2   Next: 58%
Magic:  2/2        EV: 13    Int: 10    God:
Gold:   33         SH:  4    Dex: 11    Spells: 0/1 levels left

rFire   + . .      SeeInvis .   a - +0 war axe
rCold   x . .      Faith    .   b - +0 buckler
rNeg    . . .      Spirit   .   (helmet restricted)
rPois   .          Reflect  .   (no amulet)
rElec   .          Harm     .   f - ring of fire
rCorr   .          Rampage  .   (no ring)
Will    .....                   (no ring)
Stlth   ++........              (no ring)
HPRegen 0.07/turn               (no ring)
MPRegen 0.08/turn               (no ring)
                                (no ring)
                                (no ring)

@: no status effects
A: almost no armour, amphibious, 8 rings, camouflage 1, gelatinous body 1,
(nimble swimmer 1), tentacles
a: no special abilities


You were on level 1 of the Dungeon.
You visited 1 branch of the dungeon, and saw 1 of its levels.

You collected 33 gold pieces.

Inventory:

Hand Weapons
 a - a +0 war axe (weapon)
Missiles
 d - 45 arrows
Armour
 b - a +0 buckler (worn)
Jewellery
 f - a ring of fire (left tentacle)
Potions
 c - a potion of might
 e - a potion of berserk rage {unknown}


   Skills:
 + Level 3.4 Fighting
 + Level 2.1 Axes
 + Level 3.1 Dodging
 + Level 0.8 Stealth
 + Level 3.1 Shields


You couldn't memorise any spells.
You knew the following spells:

 Your Spells              Type           Power      Damage    Failure   Level
a - Slow                  Hex            0%         N/A       38%         1

Your spell library contained the following spells:

 Spells                   Type           Power      Damage    Failure   Level
 Confusing Touch          Hex            0%         N/A       77%         3
 Vampiric Draining        Necr           0%         2d6       77%         3


Dungeon Overview and Level Annotations

Branches:
Dungeon (1/15)

Altars:


Innate Abilities, Weirdness & Mutations

You cannot wear most types of armour.
You are amphibious.
You can wear up to eight rings at the same time.
Your skin changes colour to match your surroundings (Stealth+).
Your rubbery body absorbs attacks. (AC +1, EV +1)
((You are camouflaged near water. (Stealth+)))
You have tentacles for arms and can constrict up to eight enemies at once.


Message History

The hobgoblin is heavily wounded.
You slash the jackal!
You kill the jackal!
You miss the kobold. You constrict the hobgoblin. The bat closely misses you.
The bat barely misses you. The hobgoblin hits you.
* * * LOW HITPOINT WARNING * * *
The kobold barely misses you. You block the goblin's attack.
You release your grip on the hobgoblin.
You block the bat's attack.
A rat comes into view.
The bat barely misses you. The hobgoblin hits you.
* * * LOW HITPOINT WARNING * * *
You barely miss the rat. You grab the rat. You hit the hobgoblin.
You kill the hobgoblin!
You constrict the rat.
You kill the rat!
The bat misses you.
You barely miss the bat. You grab the bat. You constrict the bat.
You kill the bat!
The bat barely misses you. The bat hits you but does no damage.
The endoplasm jiggles.
You hit the bat but do no damage. Your grab misses the bat.
The bat barely misses you. The bat hits you.
* * * LOW HITPOINT WARNING * * *
The bat hits you.
* * * LOW HITPOINT WARNING * * *
The bat hits you but does no damage.
You barely miss the bat. You grab the bat. You constrict the bat.
You block the bat's attack. x2
You slash the bat!
You kill the bat!
You barely miss the kobold. Your grab misses the kobold.
You squeeze the kobold.
You kill the kobold!
You hit the endoplasm.
The endoplasm is severely wounded.
The endoplasm barely misses you.
You hit the endoplasm.
You kill the endoplasm!
The goblin hits you with a +0 club.
You die...

#..# ## #..#". ..
#######..#. #..
#......... .. ..#
###!.......# .. #.#
...........# .# #.#
#......).# .# #.#
#........###.####.#
#.#
#.......)†g@......#
#.#
#.......######..#.#
#.# ####.#### ..# #.#
##### ##.# #. # #.#
....####..#######.###
#.#
###.#...............#
#.#
###.#)##.#######....#
#.# ......##.# #....#
#†# ###(####.#
####..).### #.#


You could see a goblin.

Vanquished Creatures
  An endoplasm (D:1)
  A giant cockroach (D:1)
  A hobgoblin (D:1)
  A jackal (D:1)
  2 quokkas (D:1)
  3 ball pythons (D:1)
  2 bats (D:1)
  A frilled lizard (D:1)
  3 kobolds (D:1)
  4 rats (D:1)
19 creatures vanquished.

Notes
Turn   | Place    | Note
-------+----------+-------------------------------------------
     0 | D:1      | cheechan the Octopode Fighter began the quest for the Orb.
     0 | D:1      | Reached XP level 1. HP: 16/16 MP: 1/1
   205 | D:1      | Reached XP level 2. HP: 21/21 MP: 2/2
   207 | D:1      | Learned a level 1 spell: Slow
   347 | D:1      | HP: 1/21 [bat (1)]
   353 | D:1      | Slain by a goblin

Illustrated notes

Levels and vault maps discovered:
D:1:      matt_arrival_los_fun, layout_loops_ring, minmay_octomino_c4

Action                   || total
-------------------------++-------
Melee: War axe           ||    28
       Constrict         ||     9
       Tentacles         ||     1
  Use: Scroll            ||     1
 Stab: Sleeping          ||     4
Armor: Skin              ||     3
Dodge: Dodged            ||    17
Block: Buckler           ||     8

Table legend: (Time is in decaauts)
 A = Elapsed time spent in this place.
 B = Non-inter-level travel time spent in this place.
 C = Inter-level travel time spent in this place.
 D = Time resting spent in this place.
 E = Time spent auto-exploring this place.
 F = Levels seen in this place.
 G = Mean time per level.
                   A        B        C        D        E       F      G
               +--------+--------+--------+--------+--------+-----+--------+
         Total |    363 |    363 |      0 |      0 |      0 |   1 |  363.0 |
       Dungeon |    363 |    363 |      0 |      0 |      0 |   1 |  363.0 |
               +--------+--------+--------+--------+--------+-----+--------+

Top non-repeatable levels by time:
     D:1: 363 daAuts
